[Event "Team 45 45 League T69"]
[Site "Internet Chess Club"]
[Date "2016.06.19"]
[Round "2"]
[White "liujf"]
[Black "kingsrook"]
[Result "0-1"]
[WhiteElo "1230"]
[BlackElo "1374"]
[Opening "Sicilian: Anderssen variation"]
[ECO "B41"]
[Time "18:30:15"]
[TimeControl "2700+45"]

1. e4 c5 2. Nf3 e6 3. d4 cxd4 4. Nxd4 Nf6 5. Nc3 Nc6 6. Ndb5 Bb4 7. a3 Bxc3+ 8.
Nxc3 d5 9. Bg5 d4 10. Na2 Qa5+ 11. c3 Qxg5 12. cxd4 Nxe4 13. Qf3 Qd2# {White
checkmated} 0-1

[Event "Team 45 45 League T69"]
[Site "Internet Chess Club"]
[Date "2016.06.15"]
[Round "2"]
[White "karthikkallam"]
[Black "smsxman"]
[Result "1-0"]
[WhiteElo "1397"]
[BlackElo "1324"]
[Opening "Hungarian defense"]
[ECO "C50"]
[Time "12:00:09"]
[TimeControl "2700+45"]

1. e4 e5 2. Nf3 Nc6 3. Bc4 Be7 4. d3 Nf6 5. O-O Na5 6. Bb3 Nxb3 7. axb3 O-O 8.
Be3 b6 9. Nc3 c6 10. Nxe5 a5 11. h3 Ba6 12. Nf3 Bb4 13. Nd2 d5 14. exd5 cxd5 15.
Ne2 Bxd2 16. Qxd2 Rc8 17. b4 Bb7 18. bxa5 bxa5 19. Nd4 Ra8 20. Bg5 Qb6 21. c3
Ba6 22. Rfe1 Bb7 23. Rab1 Nd7 24. b4 a4 25. Re2 Rfe8 26. Rbe1 Rxe2 27. Rxe2 h6
28. Bf4 Nf6 29. Be5 Nh7 30. Qe1 Qg6 31. Re3 Ng5 32. Bf4 Bc8 33. Bxg5 Qxg5 34.
Rg3 Qf6 35. Qe8+ Kh7 36. Rf3 Bb7 37. Qxf7 Qxf7 38. Rxf7 Bc8 39. Rf8 a3 40. Nc2
a2 41. Na1 g5 42. b5 Kg7 43. Re8 Kf7 44. Rd8 Ke6 45. b6 Rb8 46. Re8+ Kf7 47. Re2
Be6 48. Rxa2 Rxb6 49. Kh2 Rb1 50. Nc2 Kf6 51. Nd4 Rd1 52. Ra6 Re1 53. f3 Kf7 54.
Nxe6 Rxe6 55. Rxe6 Kxe6 56. Kg3 Kf5 57. Kf2 h5 58. Ke3 Ke5 59. g4 h4 60. d4+ Kd6
61. f4 Ke6 62. fxg5 Kf7 63. Kf4 Ke6 64. Kf3 Kf7 65. Ke3 Ke6 66. Kf4 Kf7 67. Kf5
Kg7 68. g6 Kg8 69. Kf6 Kf8 70. g7+ Kg8 71. g5 {Black resigns} 1-0

[Event "Team 45 45 League T69"]
[Site "Internet Chess Club"]
[Date "2016.06.20"]
[Round "2"]
[White "Toalla"]
[Black "KnightmanAJ"]
[Result "1-0"]
[WhiteElo "1324"]
[BlackElo "1288"]
[Opening "two knights: Max Lange attack"]
[ECO "C50"]
[Time "19:00:47"]
[TimeControl "2700+45"]

1. e4 e5 2. Nf3 Nc6 3. Bc4 Bc5 4. d4 exd4 5. O-O Nf6 6. e5 d5 7. exf6 dxc4 8.
fxg7 Rg8 9. Re1+ Be6 10. Ng5 Qf6 11. Nxe6 fxe6 12. Qh5+ Qf7 13. Qxc5 Qxg7 14.
Rxe6+ Kd7 15. Qd5+ Kc8 16. Bf4 Nb4 17. Qe4 Kd7 18. Be5 Qg5 19. Bf4 Qg7 20. Na3
Rae8 21. Re1 Qf7 22. Qxd4+ Kc8 23. Rxe8+ Rxe8 24. Rxe8+ Qxe8 25. Be3 Qh5 26. f3
Nc6 27. Qg4+ Qxg4 28. fxg4 {Black resigns} 1-0

[Event "Team 45 45 League T69"]
[Site "Internet Chess Club"]
[Date "2016.06.16"]
[Round "2"]
[White "Rbug"]
[Black "tasawyer81"]
[Result "1-0"]
[WhiteElo "1066"]
[BlackElo "1068"]
[Opening "French: exchange, Svenonius variation"]
[ECO "C01"]
[Time "19:02:39"]
[TimeControl "2700+45"]

1. e4 e6 2. d4 d5 3. exd5 exd5 4. Nc3 Nf6 5. Bg5 Nbd7 6. Nf3 Bb4 7. Qd2 h6 8.
Bh4 O-O 9. a3 Bd6 10. Be2 Re8 11. O-O c5 12. Bb5 a6 13. Ba4 b5 14. Bb3 c4 15.
Ba2 Rb8 16. b4 cxb3 17. Bxb3 Nb6 18. Rfb1 Be6 19. a4 b4 20. Na2 Nc4 21. Bxc4
dxc4 22. Nxb4 a5 23. Nc6 Bxh2+ 24. Nxh2 Qd6 25. Nxb8 Rxb8 26. Bg3 Ne4 27. Rxb8+
Kh7 28. Qxh6+ gxh6 29. Bxd6 {Black resigns} 1-0

[Event "Team 45 45 League T69"]
[Site "Internet Chess Club"]
[Date "2016.06.16"]
[Round "2"]
[White "Just-Jim"]
[Black "Xbug"]
[Result "1-0"]
[WhiteElo "1328"]
[BlackElo "991"]
[Opening "English: Sicilian reversed"]
[ECO "A25"]
[Time "14:00:35"]
[TimeControl "2700+45"]

1. c4 e5 2. Nc3 Nc6 3. a3 Bc5 4. e3 a6 5. b4 Ba7 6. Bb2 d6 7. Ne4 Nf6 8. Nxf6+
gxf6 9. d4 Bd7 10. d5 Ne7 11. Bd3 f5 12. e4 fxe4 13. Bxe4 f5 14. Qh5+ Kf8 15.
Qh6+ Kf7 16. Bf3 Ng6 17. Bh5 Qf6 18. Bc1 e4 19. Rb1 Bd4 20. Bg5 Qg7 21. Qxg7+
Bxg7 22. Ne2 Bf6 23. Bh6 Bg7 24. Bf4 Ke7 25. Bg5+ Bf6 26. Bxf6+ Kxf6 27. Bxg6
hxg6 28. Nf4 g5 29. Ne2 Rae8 30. O-O Ba4 31. Nd4 Ke5 32. Nb3 Bd7 33. g3 f4 34.
Rfe1 Kf5 35. Nd4+ Kf6 36. Ne2 Kf5 37. Nc3 Rhf8 38. g4+ Kxg4 39. Nxe4 Bf5 40. f3+
Kxf3 41. Nxg5+ Kg4 42. Ne6 Bxb1 43. Rxb1 Rf7 44. h3+ Kxh3 45. Ng5+ Kh4 46. Nxf7
Rg8+ 47. Kf2 Rf8 48. Rh1+ Kg4 49. Nh6+ Kg5 50. Kf3 Rh8 51. Nf7+ Kg6 52. Nxh8+
Kg7 53. Kxf4 Kg8 54. Ng6 Kg7 55. Ne7 c5 56. Nc8 b5 57. Nxd6 cxb4 58. axb4 bxc4
59. Nxc4 a5 60. bxa5 Kf7 61. d6 Ke6 62. a6 Kd7 63. a7 Kc6 64. a8=Q+ Kd7 65. Rh7+
Ke6 66. Qc6 Kf6 67. Rh6+ Kg7 68. Kg5 Kf7 69. Qc7+ Kg8 70. Rg6+ Kh8 71. Qg7#
{Black checkmated} 1-0

[Event "Team 45 45 League T69"]
[Site "Internet Chess Club"]
[Date "2016.06.19"]
[Round "2"]
[White "chesster3145"]
[Black "Electryon"]
[Result "0-1"]
[WhiteElo "1193"]
[BlackElo "1469"]
[Opening "French: Rubinstein variation"]
[ECO "C03"]
[Time "20:11:13"]
[TimeControl "2700+45"]

1. e4 e6 2. d4 d5 3. Nd2 dxe4 4. Nxe4 Nd7 5. Nf3 Be7 6. Bd3 Ngf6 7. Nxf6+ Bxf6
8. Be3 c5 9. O-O cxd4 10. Bxd4 O-O 11. c3 Bxd4 12. cxd4 Nf6 13. Qb3 b6 14. Ne5
Qxd4 15. Nf3 Qd5 16. Bc4 Qb7 17. Rfd1 Bd7 18. Ne5 Rfd8 19. Rd3 Be8 20. Rad1 Rxd3
21. Rxd3 Qe4 22. Nf3 b5 23. Bxb5 Bxb5 24. Qxb5 Rc8 25. Rd1 Qc2 26. Qb3 Qxb3 27.
axb3 Nd5 28. Kf1 Rc2 29. Ra1 Rxb2 30. Rxa7 h6 31. g3 Rxb3 32. Ne5 f6 33. Ng6 Rb8
34. Ne7+ Nxe7 35. Rxe7 e5 36. Ra7 Re8 37. h4 h5 38. Ra4 e4 39. Ke2 Kh7 40. f3
exf3+ 41. Kxf3 Re5 42. Re4 Rf5+ 43. Rf4 Rxf4+ 44. Kxf4 Kg6 45. Ke4 Kf7 46. Kf4
Ke6 47. Ke4 g5 48. hxg5 fxg5 49. Kf3 Ke5 50. g4 h4 51. Ke3 Kd5 52. Kf3 Kd4
{White resigns} 0-1

[Event "Team 45 45 League T69"]
[Site "Internet Chess Club"]
[Date "2016.06.18"]
[Round "2"]
[White "Aquaman"]
[Black "SeniorCitizen"]
[Result "1-0"]
[WhiteElo "1334"]
[BlackElo "1233"]
[Opening "Réti opening"]
[ECO "A04"]
[Time "14:30:32"]
[TimeControl "2700+45"]

1. Nf3 Nc6 2. g3 b6 3. Bg2 Bb7 4. O-O Rb8 5. d3 e6 6. e4 Be7 7. Nbd2 e5 8. Nc4
d6 9. Ne3 Nf6 10. Nf5 O-O 11. Nxe7+ Nxe7 12. Bg5 Ng6 13. h4 h6 14. Bxf6 Qxf6 15.
Nh2 Bc8 16. Ng4 Bxg4 17. Qxg4 Qd8 18. h5 Ne7 19. f4 Nc6 20. f5 f6 21. c3 Ne7 22.
Kf2 d5 23. Rh1 d4 24. c4 Qd6 25. a3 b5 26. cxb5 Rxb5 27. b4 a5 28. Qe2 axb4 29.
axb4 Rxb4 30. Rab1 Rfb8 31. Qc2 Rxb1 32. Rxb1 Rxb1 33. Qxb1 Qb6 34. Qc2 c5 35.
Bf1 Kh7 36. Be2 Nc6 37. Qc4 Ne7 38. g4 Ng8 39. Qf7 Kh8 40. Qa2 Kh7 41. Bd1 Qb4
42. Ke2 Qb7 43. Bb3 Qc8 44. Be6 Qb8 45. Kd2 Ne7 46. Qb3 Qb4+ 47. Qxb4 cxb4 48.
Kc2 Nc6 49. Kb3 Nd8 50. Bd5 g5 51. Kxb4 Kg7 52. Kc5 Nf7 53. Kc6 Nd8+ 54. Kd7 Nf7
55. Ke7 Nh8 56. Ke8 Kh7 57. Be6 Kg7 58. Ke7 {Black resigns} 1-0

[Event "Team 45 45 League T69"]
[Site "Internet Chess Club"]
[Date "2016.06.19"]
[Round "2"]
[White "Optimalsquare"]
[Black "artspir"]
[Result "1-0"]
[WhiteElo "1187"]
[BlackElo "1169"]
[Opening "Queen's pawn, Mason variation"]
[ECO "D00"]
[Time "11:00:24"]
[TimeControl "2700+45"]

1. d4 d5 2. Bf4 c6 3. e3 Nf6 4. c4 Bf5 5. Nc3 Nbd7 6. Nf3 e6 7. a3 Be7 8. Bd3
Ne4 9. O-O O-O 10. Ne5 f6 11. Nxd7 Qxd7 12. Nxe4 dxe4 13. Bc2 e5 14. dxe5 Qe6
15. c5 fxe5 16. Bb3 Qxb3 17. Qxb3+ Kh8 18. Bxe5 Bxc5 19. Qxb7 Rg8 20. Bxg7+ Rxg7
21. Qxa8+ Rg8 22. Qxc6 Be7 23. Qc7 Bh3 24. Qxe7 Bxg2 25. Qe5+ Rg7 26. f4 exf3
27. Rad1 Bh3+ 28. Kf2 h6 29. Rg1 Bg2 30. Rd7 {Black resigns} 1-0

[Event "Team 45 45 League T69"]
[Site "Internet Chess Club"]
[Date "2016.06.19"]
[Round "2"]
[White "RobertBuice"]
[Black "oldbookseller"]
[Result "1-0"]
[WhiteElo "1122"]
[BlackElo "1025"]
[Opening "QGD: 4.Nf3"]
[ECO "D37"]
[Time "09:03:21"]
[TimeControl "2700+45"]

1. d4 d5 2. c4 e6 3. Nf3 Nf6 4. Nc3 Nbd7 5. Bf4 Be7 6. e3 O-O 7. Ne5 Bd6 8. c5
Nxc5 9. dxc5 Bxc5 10. Bd3 d4 11. Ne4 Nd5 12. Nxc5 Qf6 13. Bxh7+ Kxh7 14. Qh5+
Kg8 15. Ne4 Qe7 16. Ng5 dxe3 17. Qh7# {Black checkmated} 1-0

[Event "Team 45 45 League T69"]
[Site "Internet Chess Club"]
[Date "2016.06.19"]
[Round "2"]
[White "Capt-Morgan"]
[Black "SlimeDog2"]
[Result "0-1"]
[WhiteElo "1848"]
[BlackElo "2034"]
[Opening "Grünfeld: exchange, Spassky variation"]
[ECO "D87"]
[Time "14:07:04"]
[TimeControl "2700+45"]

1. d4 Nf6 2. c4 g6 3. Nc3 d5 4. cxd5 Nxd5 5. e4 Nxc3 6. bxc3 Bg7 7. Bc4 c5 8.
Ne2 O-O 9. O-O Nc6 10. Be3 Bg4 11. f3 Bd7 12. Rb1 Qc7 13. d5 Na5 14. Bb5 Bxb5
15. Rxb5 b6 16. Qc1 Nc4 17. Bh6 Qd7 18. Bxg7 Kxg7 19. Rb1 b5 20. Rd1 Rab8 21. h4
Rb6 22. Nf4 Ra6 23. Ra1 Ra3 24. Nd3 Qc7 25. Nb2 Qa5 26. Nxc4 bxc4 27. Qb2 Qxc3
28. Qxc3+ Rxc3 29. Rdc1 Ra3 30. Rab1 Rxa2 31. Rb7 Rc8 32. Rxc4 a6 33. Rb6 Kf8
34. Kh2 Ke8 35. Kh3 h5 36. g4 hxg4+ 37. Kxg4 Kd7 38. e5 Rd2 39. e6+ Ke8 40.
exf7+ Kxf7 41. Rc6 Rd8 42. R4xc5 Rd4+ 43. f4 Rb8 44. Rc4 Rxd5 45. Rxa6 Rb3 46.
Rcc6 Rb1 47. Rc3 Rd4 48. Ra2 Rbb4 49. Rf3 Kf6 50. Ra6+ e6 51. Kg3 Re4 52. Ra8
Rb1 53. Rc3 Rg1+ 54. Kf3 Rb4 55. Rc7 Rf1+ 56. Ke3 Kf5 57. Rf7+ Kg4 58. Rg8 Rf3+
59. Ke2 Rb2+ 60. Ke1 Ra3 61. Rd7 Kf3 62. Rd1 Rh2 63. Rgd8 Re3+ {White resigns}
0-1

[Event "Team 45 45 League T69"]
[Site "Internet Chess Club"]
[Date "2016.06.19"]
[Round "2"]
[White "sharky123"]
[Black "PolishRyszard"]
[Result "0-1"]
[WhiteElo "1866"]
[BlackElo "1888"]
[Opening "Sicilian"]
[ECO "B50"]
[Time "04:01:17"]
[TimeControl "2700+45"]

1. e4 c5 2. Nf3 d6 3. c3 Nf6 4. Be2 g6 5. O-O Bg7 6. Re1 O-O 7. Bf1 Nc6 8. d4
cxd4 9. cxd4 Bg4 10. d5 Ne5 11. Nbd2 e6 12. dxe6 Bxe6 13. Nxe5 dxe5 14. b3 Qd4
15. Rb1 Rfd8 16. Qc2 Rac8 17. Qb2 Rxc1 18. Rexc1 Qxd2 19. f3 Bh6 20. Rd1 Qe3+
21. Qf2 Rd4 22. Be2 Kf8 23. Qxe3 Bxe3+ 24. Kf1 Ke7 25. Rd3 Rxd3 26. Bxd3 Nd7 27.
Ke2 Bd4 28. Rc1 Nc5 29. Bc4 a5 30. Bxe6 Kxe6 31. Kd2 f5 32. exf5+ gxf5 33. Re1
Kd5 34. Kc2 h5 35. g3 b5 36. a3 b4 37. axb4 axb4 38. Re2 e4 39. fxe4+ fxe4 40.
Re1 Bf2 41. Rf1 e3 42. Kd1 Nxb3 43. Ke2 Nd4+ 44. Kd3 e2 {White resigns} 0-1

[Event "Team 45 45 League T69"]
[Site "Internet Chess Club"]
[Date "2016.06.16"]
[Round "2"]
[White "losscause"]
[Black "idjit"]
[Result "0-1"]
[WhiteElo "1559"]
[BlackElo "1540"]
[Opening "Queen's pawn game"]
[ECO "A46"]
[Time "19:01:15"]
[TimeControl "2700+45"]

1. d4 Nf6 2. Nf3 e6 3. Bf4 d5 4. e3 Bd6 5. Ne5 O-O 6. Bd3 Nbd7 7. Nd2 c5 8. c3
Qc7 9. Ndf3 Nh5 10. Bg3 Nxg3 11. hxg3 g6 12. Ng5 Nxe5 13. dxe5 Bxe5 14. Nxh7 Rd8
15. Qf3 Qe7 16. Qg4 Bg7 17. Qg5 Qxg5 18. Nxg5 e5 19. O-O-O b6 20. e4 d4 21. Bc4
Rd7 22. Bb5 Re7 23. f4 f6 24. Bc4+ Kf8 25. Nh7+ Ke8 26. fxe5 Rxe5 27. cxd4 cxd4
28. Rxd4 Bb7 29. Bf7+ Kxf7 30. Rd7+ Kg8 31. Rxb7 Rxe4 32. Rd1 Kxh7 {White
resigns} 0-1

[Event "Team 45 45 League T69"]
[Site "Internet Chess Club"]
[Date "2016.06.20"]
[Round "2"]
[White "JJ12"]
[Black "LittleButton"]
[Result "1-0"]
[WhiteElo "2156"]
[BlackElo "1867"]
[Opening "Sicilian: Alapin's variation (2.c3)"]
[ECO "B22"]
[Time "15:09:28"]
[TimeControl "2700+45"]

1. e4 c5 2. c3 d5 3. exd5 Qxd5 4. d4 Nf6 5. Nf3 e6 6. Na3 Nc6 7. Nb5 Qd8 8. dxc5
Bxc5 9. Qxd8+ Kxd8 10. Bg5 a6 11. O-O-O+ Ke7 12. Nbd4 Nxd4 13. cxd4 Bd6 14. Bd3
h6 15. Bh4 Bd7 16. Ne5 Rac8+ 17. Kb1 g5 18. Bg3 h5 19. h4 g4 20. Rhe1 Bb8 21.
Bc2 Nd5 22. Bb3 Bxe5 23. Bxe5 f6 24. Bg3 Bc6 25. Rc1 Kf7 26. Rc2 Rhe8 27. a3 Bb5
28. Rd2 Bc4 29. Bc2 Ne7 30. Bf4 Bd5 31. g3 Nc6 32. Be3 Na5 33. Bd3 Red8 34. Rde2
Bf3 35. Rc2 Nc6 36. Rec1 Bd5 37. Rc3 Bf3 38. Rc5 Rd5 39. b4 Rcd8 40. Rxd5 Bxd5
41. Rc5 b6 42. Rc3 b5 43. Rc5 Rd7 44. Bc2 f5 45. Kb2 Nd8 46. Rc8 Bb7 47. Rc5 Bd5
48. Bb3 Nb7 49. Rc8 Nd8 50. Bg5 Ke8 51. Bxd5 Rxd5 52. Kc3 Rd6 53. Kd3 e5 54.
Rxd8+ Rxd8 55. Bxd8 Kxd8 56. dxe5 Ke7 57. Ke3 Kf7 58. Kf4 Ke6 59. Kg5 {Black
resigns} 1-0

[Event "Team 45 45 League T69"]
[Site "Internet Chess Club"]
[Date "2016.06.17"]
[Round "2"]
[White "hudson"]
[Black "xt"]
[Result "0-1"]
[WhiteElo "1763"]
[BlackElo "1763"]
[Opening "Sicilian: Alapin's variation (2.c3)"]
[ECO "B22"]
[Time "23:06:59"]
[TimeControl "2700+45"]

1. e4 c5 2. c3 d6 3. d4 cxd4 4. cxd4 Nf6 5. Nc3 e6 6. Nf3 Be7 7. Bd3 Nc6 8. a3
a6 9. h3 b5 10. Be3 Bb7 11. Rc1 O-O 12. O-O h6 13. Bb1 e5 14. b4 Rc8 15. Qb3
Nxd4 16. Nxd4 exd4 17. Bxd4 Rc4 18. Rfd1 Qa8 19. f3 Bc8 20. Nd5 Nxd5 21. exd5
Rxc1 22. Rxc1 Bb7 23. Qd3 f5 24. Qe3 Rf7 25. Qe6 Bxd5 26. Rc8+ Bf8 27. Qxf7+
Kxf7 28. Rxa8 Bxa8 29. Bxf5 Bb7 30. Kf2 Be7 31. Ke3 g6 32. Be4 Bxe4 33. Kxe4 Ke6
34. Bg7 h5 35. g4 d5+ 36. Kd4 Bg5 37. Kc5 Be3+ 38. Bd4 Bxd4+ 39. Kxd4 hxg4 40.
fxg4 g5 41. Ke3 Ke5 42. Kd3 d4 {White resigns} 0-1

[Event "Team 45 45 League T69"]
[Site "Internet Chess Club"]
[Date "2016.06.15"]
[Round "2"]
[White "passedpawn"]
[Black "LazyPeon"]
[Result "1/2-1/2"]
[WhiteElo "1866"]
[BlackElo "1705"]
[Opening "King's Indian: London system"]
[ECO "A48"]
[Time "14:01:25"]
[TimeControl "2700+45"]

1. d4 Nf6 2. Nf3 g6 3. Bf4 d6 4. h3 Bg7 5. e3 O-O 6. Be2 c5 7. c3 Nbd7 8. Nbd2
b6 9. O-O Bb7 10. a4 Re8 11. Nc4 a6 12. Bh2 b5 13. axb5 axb5 14. Ncd2 Qb6 15.
Qb3 c4 16. Qc2 e5 17. Rfb1 exd4 18. Nxd4 Ne4 19. Rd1 Ndc5 20. N4f3 Nxf2 21. Kxf2
Nd3+ 22. Bxd3 Qxe3+ 23. Kf1 cxd3 24. Qc1 Rxa1 25. Qxa1 Qe2+ 26. Kg1 Qe3+ 27. Kh1
Qf2 28. Rf1 Qb6 29. Qb1 b4 30. cxb4 Ba6 31. Re1 Re2 32. Rxe2 dxe2 33. Qe4 Bxb2
34. Bg1 Qb5 35. Bf2 Bc3 36. Kg1 Bxb4 37. Qa8+ Kg7 38. Bd4+ f6 39. Qa7+ Bb7 40.
Qa1 Bc5 41. Bxc5 Qxc5+ 42. Kh1 Qf2 43. Qe1 Qe3 44. Ng1 Ba6 45. Nb1 d5 46. Nd2 d4
47. Ngf3 d3 48. Qg1 Qe7 49. Qf2 Bb7 50. Qe1 h5 51. h4 Qb4 52. Kg1 Qb6+ 53. Qf2
Qc6 54. Qe3 Qc1+ 55. Kf2 Bxf3 56. gxf3 Qh1 57. Qe7+ Kg8 58. Qe8+ Kg7 59. Qe7+
Kg8 60. Qe8+ Kg7 61. Qe7+ Kg8 {Game drawn by repetition} 1/2-1/2

[Event "Team 45 45 League T69"]
[Site "Internet Chess Club"]
[Date "2016.06.18"]
[Round "2"]
[White "kllrchris"]
[Black "justice02"]
[Result "0-1"]
[WhiteElo "1704"]
[BlackElo "1653"]
[Opening "French: Tarrasch, closed variation"]
[ECO "C05"]
[Time "21:15:18"]
[TimeControl "2700+45"]

1. e4 e6 2. d4 d5 3. Nd2 Nf6 4. e5 Nfd7 5. Bd3 c5 6. c3 Nc6 7. Ne2 Be7 8. O-O
Qb6 9. Nf3 h6 10. a4 a6 11. Be3 O-O 12. Rb1 cxd4 13. Nexd4 Ncxe5 14. Nxe5 Nxe5
15. Bc2 Qd8 16. Qh5 f5 17. h3 Bd7 18. Rbd1 Qe8 19. Qe2 Rf6 20. b3 Rc8 21. f4 Nf7
22. Qd2 Nd6 23. Nf3 Ne4 24. Bxe4 fxe4 25. Ne5 Bc6 26. Bd4 Rf8 27. g4 Bf6 28. g5
hxg5 29. fxg5 Bxe5 30. Bxe5 Qh5 31. Qg2 e3 32. Rxf8+ Rxf8 33. Qg4 Qxg4+ 34. hxg4
b5 35. a5 Rf3 36. Bd4 b4 37. cxb4 e2 38. Rc1 Bb5 39. Bf2 Rxb3 40. g6 Kf8 41.
Rc8+ Ke7 42. Rc7+ Kf6 43. Be1 Kxg6 44. Kf2 d4 45. Re7 Re3 46. Rb7 Re4 47. Rxb5
axb5 48. Bd2 d3 49. a6 e1=Q+ 50. Bxe1 Re2+ 51. Kf1 Ra2 {White resigns} 0-1